 Dungeon Crawl Stone Soup version 0.30.1-9-gdf580d7c3d (webtiles) character file.

Game seed: 10652011647864303758

826 Anriel the Shooter (level 8, -2/61 HPs)
             Began as a Human Gladiator on Oct 5, 2023.
             Succumbed to a kobold brigand's poison
             ... on level 5 of the Dungeon.
             The game lasted 00:20:35 (3367 turns).

Anriel the Shooter (Human Gladiator)                Turns: 3367, Time: 00:20:36

Health: -2/61      AC: 12    Str: 14    XL:     8   Next: 17%
Magic:  8/8        EV: 13    Int:  9    God:
Gold:   180        SH:  0    Dex: 17    Spells: 7/7 levels left

rFire   . . .        a - +0 long sword
rCold   x . .        (no shield)
rNeg    . . .        o - +3 leather armour of Entitlement {Rampage rC- Slay+3}
rPois   .            n - +0 helmet {SInv}
rElec   .            m - +1 cloak {Stlth+}
rCorr   .            s - +0 pair of gloves
SInv    +            x - +0 pair of boots
Will    .....        (no amulet)
Stlth   ++           (no ring)
HPRegen 0.30/turn    (no ring)
MPRegen 0.11/turn

%: rampage
@: lethally poisoned (-2 -> -29), hasted, very quick
A: no striking features
a: no special abilities


You were on level 5 of the Dungeon.
You visited 1 branch of the dungeon, and saw 5 of its levels.
You also visited: Sewer.

You collected 238 gold pieces.
You spent 58 gold pieces at shops.

Inventory:

Hand Weapons
 a - a +0 long sword (weapon)
 t - a +0 shortbow
Missiles
 d - 3 throwing nets (quivered)
 e - a javelin
Armour
 i - a +0 scale mail of cold resistance
 k - a +2 leather armour of positive energy
 m - a +1 cloak of stealth (worn)
 n - a +0 helmet of see invisible (worn)
 o - the +3 leather armour of Entitlement (worn) {Rampage rC- Slay+3}
   (You found it on level 2 of the Dungeon)

   Slay:      It affects your accuracy & damage with ranged weapons and melee
   (+3).
   rC:        It makes you vulnerable to cold.
   Rampage:   It bestows one free step when moving towards enemies.
 s - a +0 pair of gloves (worn)
 x - a +0 pair of boots (worn)
Jewellery
 c - a +6 ring of strength
Wands
 b - a wand of charming (8)
 w - a wand of flame (13)
Scrolls
 j - a scroll of butterflies
 y - a scroll of magic mapping
 z - a scroll of fog
 A - a scroll of blinking
 C - a scroll of teleportation
 D - a scroll of enchant armour {unknown}
 E - a scroll of brand weapon {unknown}
Potions
 f - 4 potions of brilliance
 g - 3 potions of invisibility {unknown}
 h - a potion of degeneration {unknown}
 l - 2 potions of heal wounds {unknown}
 p - a potion of mutation {unknown}
 q - a potion of attraction {unknown}
 r - 3 potions of haste
 u - 3 potions of lignification {unknown}
 v - a potion of magic {unknown}
 B - 3 potions of resistance {unknown}


   Skills:
 + Level 4.6 Fighting
 - Level 3.0 Long Blades
 * Level 4.8 Ranged Weapons
 - Level 3.0 Throwing
 - Level 4.0 Armour
 + Level 3.8 Dodging


You had 7 spell levels left.
You didn't know any spells.
Your spell library contained the following spells:

 Spells                   Type           Power      Damage    Failure   Level
 Summon Small Mammal      Summ           0%         N/A       45%         1
 Blink                    Tloc           0%         N/A       58%         2
 Lesser Beckoning         Tloc           0%         N/A       58%         2
 Momentum Strike          Conj/Tloc      0%         3d8       58%         2
 Call Canine Familiar     Summ           0%         N/A       83%         3
 Dazzling Flash           Conj/Hex       0%         N/A       83%         3
 Summon Guardian Golem    Hex/Summ       0%         N/A       83%         3
 Agony                    Necr           0%         N/A       100%        5
 Silence                  Hex/Air        0%         N/A       100%        5


Dungeon Overview and Level Annotations

Branches:
Dungeon (5/15)              Sewer (visited)
 Temple: D:4-7

Altars:
Dithmenos
Fedhas
Wu Jian

Shops:
D:4 [


Message History

The kobold brigand is lightly wounded.
You feel very sick.
The kobold brigand hits you with a +1 dagger of venom.
You are more poisoned.
You closely miss the kobold brigand. You punch the kobold brigand.
The kobold brigand is moderately wounded.
You feel very sick. The kobold brigand barely misses you.
You barely miss the kobold brigand.
The kobold brigand is moderately wounded.
You feel very sick.
The kobold brigand hits you but does no damage.
The kobold brigand misses you.
You barely miss the kobold brigand.
The kobold brigand is moderately wounded.
You feel very sick.
The kobold brigand hits you but does no damage.
You are more poisoned.
You closely miss the kobold brigand.
The kobold brigand is moderately wounded.
You feel very sick.
The kobold brigand hits you but does no damage.
You are lethally poisoned!
You slash the kobold brigand!
The kobold brigand is severely wounded.
* * * LOW HITPOINT WARNING * * *
You feel very sick. The kobold brigand closely misses you.
Unknown command.
You hit the kobold brigand.
The kobold brigand is almost dead.
* * * LOW HITPOINT WARNING * * *
You feel very sick.
The kobold brigand hits you with a +1 dagger of venom.
* * * LOW HITPOINT WARNING * * *
You are more poisoned.
The kobold brigand hits you with a +1 dagger of venom.
* * * LOW HITPOINT WARNING * * *
It was a potion of haste.
You feel yourself speed up.
You die...

#....## |$# ##.....##
)[# ##.......###
..###..#...#...#
##.)#~#.##.####...
#..##~.....####...
##..#~~~...........
#.K##~~~...........
#)@#~≈~~...........
#..##≈~~.........##
##..#~~~......#....
#..#~~.......#....
#..#~.###....#....
#..#~.#......##... .#.
#..##.............
#..~##..#.............
##.~~#..####..........


You could see a kobold brigand.

Vanquished Creatures
  Menkaure (D:4)
  A water moccasin (D:5)
  2 kobold brigands
  A scorpion (D:5)
  3 hounds
  A sleepcap (D:4)
  Jessica (D:2)
  Ijyb (D:4)
  Natasha (thrice) (D:4)
  5 adders
  A river rat (Sewer)
  A worm (D:2)
  9 ball pythons
  3 endoplasms (D:1)
  5 giant cockroaches
  4 goblins
  9 hobgoblins
  A jackal (D:1)
  4 quokkas
  5 bats
  9 frilled lizards
  26 kobolds
  40 rats
136 creatures vanquished.

Notes
Turn   | Place    | Note
-------+----------+-------------------------------------------
     0 | D:1      | Anriel the Human Gladiator began the quest for the Orb.
     0 | D:1      | Reached XP level 1. HP: 16/16 MP: 1/1
   195 | D:1      | Reached skill level 1 in Armour
   195 | D:1      | Reached XP level 2. HP: 22/22 MP: 2/2
   490 | D:1      | Reached XP level 3. HP: 28/28 MP: 3/3
   724 | D:1      | Found a faded altar of an unknown god.
  1079 | D:2      | Noticed Jessica
  1083 | D:2      | Killed Jessica
  1084 | D:2      | Reached XP level 4. HP: 34/34 MP: 4/4
  1121 | D:2      | Identified the +3 leather armour of Entitlement {Rampage
                  | rC- Slay+3}
  1219 | D:2      | You fall into a shaft and drop 1 floor!
  1347 | D:2      | Found a shadowy altar of Dithmenos.
  1675 | D:3      | Reached XP level 5. HP: 40/40 MP: 5/5
  2008 | D:3      | Found an ornate altar of the Wu Jian Council.
  2008 | D:3      | Found a blossoming altar of Fedhas.
  2135 | D:4      | Found Kyaz's Armour Boutique.
  2136 | D:4      | Noticed Menkaure
  2292 | D:4      | Noticed Natasha
  2295 | D:4      | Killed Menkaure
  2296 | D:4      | Reached XP level 6. HP: 24/47 MP: 6/6
  2301 | D:4      | Killed Natasha
  2346 | D:4      | Found a glowing drain.
  2365 | D:4      | Bought a +0 pair of boots for 58 gold pieces
  2405 | Sewer    | Entered a sewer
  2692 | Sewer    | Reached XP level 7. HP: 31/53 MP: 7/7
  2887 | D:4      | Noticed Natasha
  2892 | D:4      | Killed Natasha
  2897 | D:4      | Noticed Ijyb
  2904 | D:4      | Killed Ijyb
  3071 | D:4      | Noticed Natasha
  3075 | D:4      | Killed Natasha
  3157 | D:5      | Entered Level 5 of the Dungeon
  3213 | D:5      | Noticed a water moccasin
  3222 | D:5      | Killed a water moccasin
  3223 | D:5      | Reached XP level 8. HP: 54/61 MP: 8/8
  3366 | D:5      | HP: 3/61 [kobold brigand/+1 dagger of venom (2)]
  3367 | D:5      | Succumbed to a kobold brigand's poison

Illustrated notes

Levels and vault maps discovered:
D:1:      dpeg_arrival_another_circle, layout_basic,
          shapermc_ecumenical_altar_acropolis, minmay_pentomino_o2
D:2:      kennysheep_six_static_rooms, layout_rooms, basic_altar,
          minmay_rat_hole, uniq_jessica
D:3:      layout_loops_ring, gammafunk_temple_overflow_elements
D:4:      layout_rooms, serial_shops, shop, portal_sewer_entry_f, uniq_natasha,
          uniq_menkaure, uniq_ijyb
D:5:      cheibrodos_thug_alley, layout_cave_pools, serial_glass,
          glass_columns_c, glass_columns_a, kennysheep_doodads,
          hangedman_abyss_or_decor_slice

Skill      XL: |  1  2  3  4  5  6  7 |
---------------+----------------------+-----
Armour         | 1 2 3 4 |  4.0
Fighting       | 3 4 |  4.6
Throwing       | 3 |  3.0
Ranged Weapons | 2 3 4 |  4.8
Long Blades    | |  3.0
Dodging        | |  3.8

Action                     |  1- 3 |  4- 6 |  7- 9 || total
---------------------------+-------+-------+-------++-------
  Melee: Long sword        |    73 |   140 |    32 ||   245
         Punch             |     1 |     4 |     1 ||     6
   Fire: Shortbow          |       |    37 |    30 ||    67
  Throw: Javelin           |     4 |     4 |       ||     8
    Use: Scroll            |     6 |     5 |     2 ||    13
         Potion            |       |       |     1 ||     1
   Stab: Sleeping          |     3 |     9 |       ||    12
 Armour: Leather armour    |    16 |    53 |    15 ||    84
         Scale mail        |     1 |     3 |       ||     4
  Dodge: Dodged            |    43 |   100 |    17 ||   160
